 Dungeon Crawl Stone Soup version 0.23.2-11-gf996548c65 (webtiles) character file.

Game seed: 759294478200395232

185 Kobolds4U the Sneak (level 5, 0/27 HPs)
             Began as a Spriggan Assassin on June 2, 2019.
             Was an Initiate of Okawaru.
             Slain by Grinder (1 damage)
             ... on level 4 of the Dungeon.
             The game lasted 00:07:36 (2878 turns).

Kobolds4U the Sneak (Spriggan Assassin)             Turns: 2878, Time: 00:07:36

Health: 0/27       AC:  3    Str:  7    XL:     5   Next: 37%
Magic:  6/6        EV: 21    Int: 12    God:    Okawaru [......]
Gold:   132        SH:  0    Dex: 19    Spells: 1/5 levels left

rFire    . . .     SeeInvis +   a - +2 dagger
rCold    . . .     Gourm    .   (shield restricted)
rNeg     . . .     Faith    .   c - +0 robe
rPois    .         Spirit   .   (helmet restricted)
rElec    .         Reflect  .   d - +0 cloak
rCorr    .         Harm     .   (gloves unavailable)
MR       .....                  (boots unavailable)
Stlth    ++++......             (no amulet)
HPRegen  0.09/turn              u - ring of stealth
MPRegen  0.10/turn              (no ring)

@: very quick
A: very small, unfitting armour, see invisible, herbivore, speed 3, slow
metabolism 2
a: Renounce Religion


You were on level 4 of the Dungeon.
You worshipped Okawaru.
Okawaru was noncommittal.
You were not hungry.

You visited 1 branch of the dungeon, and saw 4 of its levels.

You collected 132 gold pieces.

Inventory:

Hand Weapons
 a - a +2 dagger (weapon)
 b - a +0 blowgun
 x - a +0 dagger of flaming
Missiles
 e - 47 poisoned needles
 f - 2 curare-tipped needles
 p - 4 tomahawks (quivered)
Armour
 c - a +0 robe (worn)
 d - a +0 cloak (worn)
Jewellery
 u - a ring of stealth (left hand)
Wands
 s - a wand of polymorph (10)
Scrolls
 i - a scroll of noise {unknown}
 k - 2 scrolls of amnesia {unknown}
 l - a scroll of enchant weapon {unknown}
 m - 3 scrolls of identify {unknown}
 n - a scroll of enchant armour {unknown}
 o - a scroll of remove curse {unknown}
 r - 3 scrolls of teleportation {unknown}
 t - a scroll of immolation {unknown}
 w - a scroll of magic mapping {unknown}
 y - a scroll of fog {unknown}
Potions
 h - 2 potions of mutation {unknown}
 j - a potion of curing {unknown}
 q - 2 potions of degeneration {unknown}
 v - a potion of lignification {unknown}
 z - a potion of brilliance {unknown}
Comestibles
 g - 7 rations


   Skills:
 * Level 2.7 Fighting
 + Level 3.5 Short Blades
 - Level 2.0 Throwing
 - Level 5.1 Dodging
 - Level 5.8 Stealth
 + Level 0.6 Spellcasting
 + Level 0.8 Translocations


You had one spell level left.
You knew the following spells:

 Your Spells              Type           Power        Failure   Level  Hunger
a - Blink                 Tloc           N/A          32%         2    ###....
b - Ensorcelled Hibernat  Hex/Ice        #.....       43%         2    ###....

Your spell library contained the following spells:

 Spells                   Type           Power        Failure   Level  Hunger
 Apportation              Tloc           #.....       22%         1    ##.....
 Animate Skeleton         Necr           N/A          32%         1    ##.....
 Confusing Touch          Hex            #.....       32%         1    ##.....
 Corona                   Hex            #......      32%         1    ##.....
 Magic Dart               Conj           #...         32%         1    ##.....
 Summon Small Mammal      Summ           #...         32%         1    ##.....
 Call Imp                 Summ           #.......     43%         2    ###....
 Slow                     Hex            #.......     43%         2    ###....
 Confuse                  Hex            #.......     67%         3    ####...
 Conjure Flame            Conj/Fire      #.......     67%         3    ####...
 Dazzling Spray           Conj/Hex       #.....       67%         3    ####...
 Mephitic Cloud           Conj/Pois/Air  #.......     67%         3    ####...
 Tukima's Dance           Hex            #.......     67%         3    ####...


Dungeon Overview and Level Annotations

Branches:
Dungeon (4/15)
 Temple: D:4-7

Altars:
Dithmenos
Okawaru

Annotations:
D:4 Grinder


Innate Abilities, Weirdness & Mutations

You are very small and have problems with some larger weapons.
You are too small for most types of armour.
You have supernaturally acute eyesight. (SInv)
You are a herbivore.
You cover ground extremely quickly.
You need to consume almost no food.


Message History

Aim: Grinder (severely wounded)
You throw a tomahawk. The tomahawk hits Grinder.
Grinder is severely wounded.
You hit Grinder.
Grinder is severely wounded.
Grinder gestures at you.
You suddenly lose the ability to move!
Grinder gestures at you.
You shrug off the repeated paralysis!
Grinder gestures at you. Pain shoots through your body!
* * * LOW HITPOINT WARNING * * *
Grinder barely misses you.
You can move again.
You barely miss Grinder.
Grinder is severely wounded.
Grinder hits you.
* * * LOW HITPOINT WARNING * * *
You writhe in agony.
You die...

########## .........#
########.# ###.####
#.((...# # ###...(#.#.#
####(..(..5@..#.#
######..................
.........((.............
....##...##############+
....##...# ....##..5#
....##...# ....##..(#
....##...#


You could see Grinder.

Vanquished Creatures
  A centaur skeleton (D:4)
  5 adders
  An adder zombie (D:3)
  A worm (D:2)
  3 dart slugs (D:1)
  5 leopard geckos
  7 orcs
  7 bats
  6 giant cockroaches
  12 goblins
  7 hobgoblins
  7 jackals
  2 quokkas
  2 ball pythons (D:3)
  5 frilled lizards
  7 kobolds
  7 rats
85 creatures vanquished.

Notes
Turn   | Place    | Note
-------+----------+-------------------------------------------
     0 | D:1      | Kobolds4U the Spriggan Assassin began the quest for the
                  | Orb.
     0 | D:1      | Reached XP level 1. HP: 10/10 MP: 2/2
   116 | D:1      | Reached XP level 2. HP: 15/15 MP: 3/3
   611 | D:1      | Reached XP level 3. HP: 18/18 MP: 4/4
  1065 | D:2      | Reached XP level 4. HP: 18/23 MP: 5/5
  1366 | D:2      | Found an iron altar of Okawaru.
  1371 | D:2      | Found a shadowy altar of Dithmenos.
  1377 | D:2      | Became a worshipper of Warmaster Okawaru
  1988 | D:3      | Reached skill level 5 in Dodging
  2045 | D:3      | Learned a level 2 spell: Blink
  2136 | D:3      | Reached XP level 5. HP: 27/27 MP: 6/6
  2287 | D:3      | Learned a level 2 spell: Ensorcelled Hibernation
  2329 | D:4      | Noticed Grinder
  2874 | D:4      | Paralysed by Grinder for 3 turns
  2878 | D:4      | HP: 1/27 [Grinder (6)]
  2878 | D:4      | Slain by Grinder

Skill      XL: |  1  2  3  4 |
---------------+-------------+-----
Dodging        | 2 3 4 5 |  5.1
Fighting       | 2 |  2.7
Short Blades   | 3 |  3.5
Throwing       | |  2.0
Stealth        | |  5.8
Spellcasting   | |  0.6
Translocations | |  0.8

Action                   |  1- 3 |  4- 6 || total
-------------------------+-------+-------++-------
Melee: Dagger            |   105 |   178 ||   283
 Fire: Blowgun           |       |     2 ||     2
Throw: Tomahawk          |       |    10 ||    10
 Stab: Sleeping          |    15 |    22 ||    37
       Distracted        |       |     1 ||     1
Armor: Robe              |    14 |     6 ||    20
Dodge: Dodged            |    70 |   125 ||   195
